 Dungeon Crawl Stone Soup version 0.30-b1-2-g02819fbbbe (webtiles) character file.

Game seed: 8975361265956072266

8 Alarkh the Grave Robber (level 2, 19/19 HPs)
             Began as a Demonspawn Necromancer on July 7, 2023.
             Got out of the dungeon alive.
             The game lasted 00:00:16 (168 turns).

Alarkh the Grave Robber (Demonspawn Necromancer)     Turns: 168, Time: 00:00:17

Health: 19/19      AC:  2    Str:  8    XL:     2   Next: 0%
Magic:  4/5        EV: 12    Int: 16    God:
Gold:   0          SH:  0    Dex: 13    Spells: 4/5 levels left

rFire   . . .        (no weapon)
rCold   . . .        (no shield)
rNeg    . . .        a - +0 robe
rPois   .            (no helmet)
rElec   .            (no cloak)
rCorr   .            (no gloves)
SInv    .            (no boots)
Will    .....        (no amulet)
Stlth   ++           (no ring)
HPRegen 0.23/turn    (no ring)
MPRegen 0.09/turn

%: no passive effects
@: no status effects
A: hooves 1
a: no special abilities


You escaped.
You visited 1 branch of the dungeon, and saw 1 of its levels.

Inventory:

Armour
 a - a +0 robe (worn)
Potions
 b - a potion of magic


   Skills:
 - Level 1.7 Dodging
 - Level 1.7 Stealth
 + Level 2.2 Spellcasting
 * Level 4.7 Necromancy


You had 4 spell levels left.
You knew the following spells:

 Your Spells              Type           Power      Damage    Failure   Level
a - Necrotise             Necr           68%        1d7       3%          1

Your spell library contained the following spells:

 Spells                   Type           Power      Damage    Failure   Level
 Vampiric Draining        Necr           17%        2d7       9%          3
 Animate Dead             Necr           17%        N/A       28%         4
 Agony                    Necr           17%        N/A       63%         5


Dungeon Overview and Level Annotations

Branches:
Dungeon (1/15)

Altars:


Innate Abilities, Weirdness & Mutations

You have large cloven feet.


Message History

Aiming: Necrotise (safe; 3% risk of failure)
Press: ? - help, Shift-Dir - straight line, f/p - endoplasm
Aim: an endoplasm (almost dead, chance to affect: 86%)
The endoplasm writhes in agony.
You kill the endoplasm!
A goblin comes into view. It is wielding a +0 dagger.
A goblin is nearby!
A goblin is nearby!
Casting: Necrotise (safe; 3% risk of failure)
Confirm with . or Enter, or press ? or * to list all spells.
You can't see any susceptible monsters within range! (Use Z to cast anyway.)
Found a stone staircase leading down.
The goblin shouts!
You hear a shout!
Casting: Necrotise (safe; 3% risk of failure)
Confirm with . or Enter, or press ? or * to list all spells.
Aiming: Necrotise (safe; 3% risk of failure)
Press: ? - help, Shift-Dir - straight line, f - goblin
Aim: a goblin, wielding a +0 dagger (chance to affect: 86%)
The goblin writhes in agony.
You kill the goblin!
The dead are walking!
A goblin comes into view. It is wielding a +0 club.
A goblin is nearby!
Casting: Necrotise (safe; 3% risk of failure)
Confirm with . or Enter, or press ? or * to list all spells.
Aiming: Necrotise (safe; 3% risk of failure)
Press: ? - help, Shift-Dir - straight line, f - goblin
Aim: a goblin, wielding a +0 club (wandering, hasn't noticed you, chance to affect: 86%)
The goblin shouts!
The goblin writhes in agony.
You kill the goblin!
The dead are walking!
You have reached level 2!
Your demonic ancestry asserts itself...
Your feet thicken and deform.
Unknown command.
You see here a +0 dagger.
There is a staircase leading out of the dungeon here.
Are you sure you want to leave the Dungeon?
This will make you lose the game!
You have escaped!

#....#
#....####.#####..##
#....###..###.......###.#
#...............⌠.......#
#....##..###..⌠(..⌠..####
#######.## ##.......##
##..# ##..⌠..## ##Z.##
##...## #..## ####...####
#Z## #....@....# #.#
..............^. . #Z#
....⌠.....⌠....⌠ ..##.#
..⌠....#....⌠... ...#Z##
⌠....#####....⌠. #...Z##
...## ##.... ##...Z##>##
##># #....Z########
#............#


There were no monsters in sight!

Vanquished Creatures
  An endoplasm (D:1)
  2 goblins (D:1)
  A kobold (D:1)
  3 ball pythons (D:1)
7 creatures vanquished.

Notes
Turn   | Place    | Note
-------+----------+-------------------------------------------
     0 | D:1      | Alarkh the Demonspawn Necromancer began the quest for the
                  | Orb.
     0 | D:1      | Reached XP level 1. HP: 13/13 MP: 3/3
   141 | D:1      | Gained mutation: You have large cloven feet. [demonic
                  | ancestry]
   141 | D:1      | Reached XP level 2. HP: 19/19 MP: 1/5
   168 | D:$      | Got out of the dungeon alive.

Illustrated notes

Levels and vault maps discovered:
D:1:      dpeg_arrival_leaves_temple_mockup, layout_basic,
          minmay_misc_feat_enclosed, amcnicky_mini_corridor_feature,
          minmay_stone_trees_small

Action                     || total
---------------------------++-------
   Cast: Necrotise         ||    10
  Dodge: Dodged            ||     1
